 Dungeon Crawl Stone Soup version 0.28.0 (webtiles) character file.

Game seed: 2244876012106359798

13 sanka the Magician (level 2, 0/16 HPs)
             Began as a Deep Elf Transmuter on Feb 15, 2022.
             Slain by a hobgoblin (3 damage)
             ... on level 1 of the Dungeon.
             The game lasted 00:01:55 (632 turns).

sanka the Magician (Deep Elf Transmuter)             Turns: 632, Time: 00:01:56

Health: 0/16       AC:  2    Str:  7    XL:     2   Next: 24%
Magic:  8/8        EV: 12    Int: 17    God:
Gold:   20         SH:  0    Dex: 15    Spells: 5/7 levels left

rFire   . . .      SeeInvis .     - Unarmed
rCold   . . .      Faith    .   (no shield)
rNeg    . . .      Spirit   .   a - +0 robe
rPois   .          Reflect  .   (helmet currently unavailable)
rElec   .          Harm     .   (no cloak)
rCorr   .          Rampage  .   (no gloves)
Will    .....                   (boots currently unavailable)
Stlth   +.........              (no amulet)
HPRegen 0.05/turn               (no ring)
MPRegen 0.11/turn               (no ring)

@: appendages (expiring)
A: horns 2, talons 2
a: End Transformation


You were on level 1 of the Dungeon.
You had temporarily grown beastly horns and talons.
You visited 1 branch of the dungeon, and saw 1 of its levels.

You collected 20 gold pieces.

Inventory:

Armour
 a - a +0 robe (worn)
Scrolls
 b - a scroll of enchant weapon {unknown}
 c - a scroll of vulnerability {unknown}


   Skills:
 - Level 0.7 Fighting
 - Level 2.4 Dodging
 - Level 2.4 Unarmed Combat
 - Level 3.0 Spellcasting
 + Level 0.6 Conjurations
 - Level 2.4 Transmutations
 + Level 0.5 Air Magic
 - Level 1.3 Poison Magic


You had 5 spell levels left.
You knew the following spells:

 Your Spells              Type           Power      Damage    Failure   Level
a - Beastly Appendage     Tmut           20%        N/A       6%          1
b - Shock                 Conj/Air       16%        1d4       14%         1

Your spell library contained the following spells:

 Spells                   Type           Power      Damage    Failure   Level
 Wereblood                Tmut           10%        N/A       10%         2
 Spider Form              Tmut/Pois      8%         N/A       24%         3
 Swiftness                Air            4%         N/A       38%         3
 Ice Form                 Ice/Tmut       6%         N/A       71%         4
 Airstrike                Air            2%         N/A       80%         4


Dungeon Overview and Level Annotations

Branches:
Dungeon (1/15)

Altars:


Innate Abilities, Weirdness & Mutations

You have temporarily grown beastly horns and talons.


Message History

Magic restored.
Your transformation is almost over.
Your horns disappear.
Your talons disappear.
There is a dry fountain here.
A quokka comes into view.
You grow a pair of large bovine horns.
Your feet morph into talons.
Your transformation is almost over.
A hobgoblin comes into view.
The hobgoblin shouts!
The quokka misses you.
You hit the quokka. You claw the quokka.
You kill the quokka!
You hit the hobgoblin but do no damage.
The hobgoblin hits you but does no damage.
You hit the hobgoblin. You claw the hobgoblin.
You kill the hobgoblin!
You see here a quokka corpse.
Your horns disappear.
Your talons disappear.
c - a scroll labelled GUTHRA OCLEK VINUL A hobgoblin comes into view.
You grow a pair of large bovine horns.
Your feet morph into talons.
The hobgoblin shouts!
A quokka comes into view.
The quokka bites you.
The quokka bites you but does no damage.
You hit the quokka. Your kick misses the quokka.
The quokka is moderately wounded.
The quokka bites you.
You hit the quokka.
The quokka is almost dead.
Your transformation is almost over.
The quokka bites you.
You hit the quokka.
You kill the quokka!
You hit the hobgoblin but do no damage. The hobgoblin hits you.
* * * LOW HITPOINT WARNING * * *
You closely miss the hobgoblin. You headbutt the hobgoblin.
The hobgoblin is moderately wounded.
The hobgoblin hits you.
You die...

#.######.# #.#
#.# #.# #.#
#.# #.# #.#
#.# #.# #.#
#.# #.#
.#.##.######.#
......g@.....#
...##.########
#


You could see a hobgoblin.

Vanquished Creatures
  A bat (D:1)
  2 goblins (D:1)
  A hobgoblin (D:1)
  2 kobolds (D:1)
  3 quokkas (D:1)
  2 rats (D:1)
11 creatures vanquished.

Notes
Turn   | Place    | Note
-------+----------+-------------------------------------------
     0 | D:1      | sanka the Deep Elf Transmuter began the quest for the Orb.
     0 | D:1      | Reached XP level 1. HP: 11/11 MP: 6/6
   296 | D:1      | Reached skill level 1 in Poison Magic
   412 | D:1      | Found a faded altar of an unknown god.
   431 | D:1      | Learned a level 1 spell: Shock
   452 | D:1      | Reached XP level 2. HP: 12/16 MP: 6/8
   632 | D:1      | Slain by a hobgoblin

Illustrated notes

Levels and vault maps discovered:
D:1:      beargit_arrival_greenhouse, layout_loops_ring,
          shapermc_ecumenical_altar_acropolis

Skill      XL: |  1 |
---------------+----+-----
Poison Magic   | 1 |  1.3
Fighting       | |  0.7
Dodging        | |  2.4
Unarmed Combat | |  2.4
Spellcasting   | |  3.0
Conjurations   | |  0.6
Transmutations | |  2.4
Air Magic      | |  0.5

Action                   || total
-------------------------++-------
Melee: Unarmed           ||    35
       Headbutt          ||     3
       Kick              ||     3
 Cast: Beastly Appendage ||     9
Armor: Robe              ||     7
Dodge: Dodged            ||    22
